cohdb
Replays
Latest Replays
All Replays
Popular Replays
Top Player Replays
Match Explorer
How It Works
Community
CoH3 Stats
Reddit
Sign in to upload your games and track your stats! →
Sign in with Steam
Match 45190907
Unlisted
Match 45190907
Overview
Messages
Build Orders
End
Construct Section Command Post
Infantry Section
Selects Heavy Armor Battlegroup
Dingo Light Scout Car
Infantry Section
Infantry Section
Selects Rigorous Vehicle Training
Construct Platoon Command Post
CMP 15cwt Truck
Selects Light Vehicle Withdraw and Refit
Light Vehicle Training
CMP 15cwt Truck
Light Vehicle Withdraw and Refit
Infantry Training
6-pounder Anti-tank Gun Team
6-pounder Anti-tank Gun Team
Construct Company Command Post
Selects Forward Repair Assembly
Vickers Machine Gun Team
Crusader II Medium Tank
Selects Radio Net
Team Weapon Training
Royal Engineer Section
Crusader II Medium Tank
Armored Vehicle Training
Matilda II Heavy Tank
Radio Net
Infantry Section
Vickers Machine Gun Team
Radio Net
Selects Churchill Black Prince Heavy Tank
Crusader II Medium Tank
Churchill Black Prince Heavy Tank
Selects Recon Artillery
Recon Artillery
Crusader II Medium Tank
Matilda II Heavy Tank
Recon Artillery
♥ ~Lady Rytsu~ ♥
PAX AJAX
Seocheon
북닥의신
0
0
Comments
sign in to comment!
No comments posted yet!